 Dungeon Crawl Stone Soup version 0.29-a0-1014-ga8c0faee3b (webtiles) character file.

Game seed: 8104708232592803763

4896 2tc the Arsonist (level 10, -3/59 HPs)
             Began as a Tengu Fire Elementalist on Aug 9, 2022.
             Was a Follower of Ashenzari.
             Slain by an unseen horror (7 damage)
             ... on level 8 of the Dungeon.
             The game lasted 00:27:20 (8979 turns).

2tc the Arsonist (Tengu Fire Elementalist)          Turns: 8979, Time: 00:27:21

Health: -3/59      AC:  5    Str:  9    XL:     10   Next: 51%
Magic:  5/20       EV: 15    Int: 16    God:    Ashenzari [*.....]
Gold:   452        SH:  5    Dex: 18    Spells: 10/21 levels left

rFire   . . .      SeeInvis .   d - +1 dagger
rCold   + . .      Faith    .   (no shield)
rNeg    + . .      Spirit   .   a - +1 robe
rPois   .          Reflect  +   k - +1 hat of Supernal Understanding {Melee, Self} (curse)
rElec   .          Harm     .   (no cloak)
rCorr   .          Rampage  .   c - +0 pair of gloves
Will    .....                   (boots unavailable)
Stlth   ++........              w - amulet "Tethered With Me" {Reflect rC+ rN+ SH+5, Melee, Bglg} (curse)
HPRegen 0.19/turn               (no ring)
MPRegen 0.17/turn               (no ring)

@: flying quickly and evasively, quick
A: beak, talons 3, nimble flight
a: Renounce Religion, Curse Item, Shatter the Chains


You were on level 8 of the Dungeon.
You worshipped Ashenzari.
Ashenzari was aware of your devotion.
You visited 2 branches of the dungeon, and saw 9 of its levels.
You also visited: Sewer.

You collected 452 gold pieces.

Inventory:

Hand Weapons
 d - a +1 dagger (weapon)
Missiles
 t - a throwing net
Armour
 a - a +1 robe (worn)
 c - a +0 pair of gloves (worn)
 k - the cursed +1 hat of Supernal Understanding (worn) {Melee, Self}
   (You found it on level 3 of the Dungeon)

   It has a curse which improves the following skills: Melee Combat: Short
   Blades, Long Blades, Axes, Maces & Flails, Polearms, Staves and Unarmed
   Combat.
   Introspection: Fighting and Spellcasting.
 y - +0 steam dragon scales
Jewellery
 b - an amulet of the acrobat
 i - a ring of willpower
 m - an amulet of regeneration
 w - the cursed amulet "Tethered With Me" (around neck) {Reflect rC+ rN+ SH+5, Melee, Bglg}
   (You found it on level 6 of the Dungeon)

   [amulet of reflection]

   It reflects blocked missile attacks.
   rC:        It protects you from cold.
   rN:        It protects you from negative energy.
   SH:        It affects your SH (+5).
   It has a curse which improves the following skills: Melee Combat: Short
   Blades, Long Blades, Axes, Maces & Flails, Polearms, Staves and Unarmed
   Combat.
   Beguiling: Conjurations, Hexes and Translocations.
Wands
 v - a wand of mindburst (9)
Scrolls
 l - a scroll of magic mapping
 q - a scroll of fear
 r - 4 scrolls of teleportation
 x - a scroll of butterflies
Potions
 e - 10 potions of heal wounds
 f - a potion of berserk rage
 g - 3 potions of might
 h - 4 potions of lignification
 j - 7 potions of curing
 n - a potion of degeneration
 o - 4 potions of mutation
 p - a potion of attraction
 s - 2 potions of haste
 u - a potion of cancellation


   Skills:
 * Level 4.6(5.4) Fighting
 - Level 2.1 Dodging
 - Level 2.0 Stealth
 - Level 5.1(6.0) Spellcasting
 - Level 9.1(10.0) Conjurations
 - Level 10.0 Fire Magic
 - Level 10.0 Air Magic


You had 10 spell levels left.
You knew the following spells:

 Your Spells              Type           Power      Damage    Failure   Level
a - Foxfire               Conj/Fire      100%       2x1d9     1%          1
b - Scorch                Fire           72%        2d9       1%          2
c - Flame Wave            Conj/Fire      36%        2d10      2%          4
d - Airstrike             Air            18%        2d(3-19)  2%          4

Your spell library contained the following spells:

 Spells                   Type           Power      Damage    Failure   Level
 Shock                    Conj/Air       100%       1d9       1%          1
 Static Discharge         Conj/Air       36%        3-8/arc   1%          2
 Conjure Flame            Conj/Fire      36%        6-21      1%          3
 Swiftness                Air            36%        N/A       1%          3
 Poisonous Vapours        Pois/Air       40%        N/A       2%          2
 Inner Flame              Hex/Fire       20%        N/A       5%          3
 Lightning Bolt           Conj/Air       18%        1d32      6%          5
 Sting                    Tmut/Pois      16%        1d3       14%         1
 Olgreb's Toxic Radiance  Pois           4%         N/A       80%         4
 Maxwell's Capacitive Co  Air            18%        ∞         100%        8


Dungeon Overview and Level Annotations

Branches:
Dungeon (8/15)             Temple (1/1) D:4           Sewer (visited)
   Lair: D:8-11

Altars:
Ashenzari
Cheibriados
Dithmenos
Elyvilon
Gozag
Hepliaklqana
Kikubaaqudgha
Makhleb
Nemelex Xobeh
Okawaru
Qazlal
Ru
Sif Muna
Trog
Uskayaw
Vehumet
Wu Jian
Yredelemnul
Zin
The Shining One

Annotations:
D:6 Duvessa
D:8 2 runed translucent doors


Innate Abilities, Weirdness & Mutations

You have a beak for a mouth.
You have claws for feet.
Your magical nature lets you fly swiftly and evasively.


Message History

The orc warrior unwields a +0 arbalest.
The orc warrior wields a +0 trident.
The orc warrior closely misses you. Something hits you.
Deactivating autopickup; reactivate with Ctrl-A.
Casting: Foxfire (safe; 1% risk of failure)
Confirm with . or Enter, or press ? or * to list all spells.
Flames lash something.
The foxfire hits something but does no damage.
The foxfire hits something.
Something barely misses you. Something hits you but does no damage.
The orc warrior hits you with a +0 trident.
Casting: Scorch (safe; 1% risk of failure)
Confirm with . or Enter, or press ? or * to list all spells.
Flames lash the orc warrior.
You kill the orc warrior!
Something hits you.
Unknown command.
Casting: Scorch (safe; 1% risk of failure)
Confirm with . or Enter, or press ? or * to list all spells.
Flames lash something.
Something hits you! The orc closely misses you.
Unknown command.
Casting: Scorch (safe; 1% risk of failure)
Confirm with . or Enter, or press ? or * to list all spells.
Flames lash the orc.
You kill the orc!
Something hits you.
* * * LOW HITPOINT WARNING * * *
Unknown command.
Casting: Scorch (safe; 1% risk of failure)
Confirm with . or Enter, or press ? or * to list all spells.
You can't see any susceptible monsters within range! (Use Z to cast anyway.)
Casting: Scorch (safe; 1% risk of failure)
Confirm with . or Enter, or press ? or * to list all spells.
Flames lash something.
Something hits you.
* * * LOW HITPOINT WARNING * * *
Casting: Scorch (safe; 1% risk of failure)
Confirm with . or Enter, or press ? or * to list all spells.
Flames lash something.
Something hits you!
* * * LOW HITPOINT WARNING * * *
Something hits you!
You die...

....##8|?8
....#8....
#...+B..Q. .##
....+..... ...#
##..#8.... # ...##
....##8[[8
#.######.....
.....# ###
......$...# .###'#
#){....# ##)#.#
#@..# # #.## #...#
# ### #.### # #.#
# #.# # #### ##.#
.######..######..#
.................#
...##...#..).....#


There were no monsters in sight!

Vanquished Creatures
  A two-headed ogre (D:5)
  Joseph (D:7)
  Maggie (D:7)
  A hornet (D:8)
  Prince Ribbit (D:8)
  Sigmund (D:3)
  Eustachio (D:4)
  A steam dragon (D:7)
  Menkaure (D:6)
  An acid dragon (D:8)
  Edmund (D:6)
  An orc warrior (D:8)
  2 black bears
  2 ogres
  2 centaurs (D:5)
  4 phantoms
  A kobold brigand (D:8)
  4 bullfrogs
  3 scorpions
  10 wights
  Dowan (D:6)
  A howler monkey (D:8)
  3 hounds
  2 jellies (D:6)
  Jessica (D:3)
  An iguana (D:3)
  3 orc wizards
  3 gnolls (D:5)
  12 adders
  2 river rats (Sewer)
  3 white imps
  2 worms
  3 dart slugs
  17 orcs
  16 ball pythons
  6 endoplasms
  4 giant cockroaches
  7 goblins
  5 hobgoblins
  6 kobolds
  3 quokkas
  4 bats
  7 frilled lizards
  21 rats (Sewer)
173 creatures vanquished.

Vanquished Creatures (others)
  462 foxfires
462 creatures vanquished.

Grand Total: 635 creatures vanquished

Notes
Turn   | Place    | Note
-------+----------+-------------------------------------------
     0 | D:1      | 2tc the Tengu Fire Elementalist began the quest for the
                  | Orb.
     0 | D:1      | Reached XP level 1. HP: 10/10 MP: 4/4
   365 | D:1      | Reached XP level 2. HP: 15/15 MP: 0/6
   533 | D:1      | Found a faded altar of an unknown god.
   538 | D:1      | Prayed at the altar of an unknown god.
   538 | D:1      | Became a worshipper of Ashenzari the Shackled
  1195 | D:2      | Identified the +3 tower shield of Maetz {*Corrode rPois
                  | rF++ rN+ Dex-3}
  1347 | D:2      | Reached XP level 3. HP: 19/19 MP: 2/7
  1543 | D:2      | Learned a level 2 spell: Scorch
  1886 | D:3      | Reached skill level 5 in Fire Magic
  2252 | D:3      | Noticed Sigmund
  2259 | D:3      | Killed Sigmund
  2260 | D:3      | Reached XP level 4. HP: 24/24 MP: 1/8
  2260 | D:3      | Gained mutation: Your magical nature lets you fly swiftly
                  | and evasively. [Tengu growth]
  2260 | D:3      | Reached XP level 5. HP: 28/28 MP: 1/9
  2269 | D:3      | Reached XP level 6. HP: 32/32 MP: 0/10
  2458 | D:3      | Found a shadowy altar of Dithmenos.
  2867 | D:3      | Noticed Jessica
  2883 | D:3      | Killed Jessica
  3300 | D:4      | Reached XP level 7. HP: 36/36 MP: 9/11
  3357 | D:4      | Noticed Eustachio
  3365 | D:4      | Killed Eustachio
  3402 | D:4      | Found a sacrificial altar of Ru.
  3618 | D:4      | Found a staircase to the Ecumenical Temple.
  3623 | Temple   | Entered the Ecumenical Temple
  3958 | D:5      | Entered Level 5 of the Dungeon
  4113 | D:5      | Found a glowing drain.
  4122 | Sewer    | Entered a sewer
  4228 | Sewer    | Reached skill level 10 in Fire Magic
  4364 | Sewer    | Reached skill level 1 in Air Magic
  4519 | Sewer    | Reached XP level 8. HP: 24/41 MP: 3/12
  4527 | Sewer    | Learned a level 4 spell: Flame Wave
  4532 | Sewer    | Learned a level 4 spell: Airstrike
  4679 | D:5      | Noticed a two-headed ogre
  4724 | D:5      | Killed a two-headed ogre
  4725 | D:5      | Reached skill level 5 in Air Magic
  4725 | D:5      | Reached skill level 5 in Spellcasting
  5059 | D:5      | Reached XP level 9. HP: 45/45 MP: 13/18
  5150 | D:5      | Found an opulent altar of Gozag.
  5160 | D:5      | Found a hazy altar of Hepliaklqana.
  5307 | D:5      | Reached skill level 5 in Conjurations
  5836 | D:6      | Noticed Edmund
  6038 | D:6      | Noticed Menkaure
  6045 | D:6      | Killed Menkaure
  6337 | D:6      | Identified the amulet of Temptation {Reflect rC+ rN+ SH+5}
  6469 | D:6      | Reached * piety under Ashenzari
  6620 | D:6      | Found a snail-covered altar of Cheibriados.
  6620 | D:6      | Noticed Duvessa
  6620 | D:6      | Noticed Dowan
  6628 | D:6      | Killed Dowan
  6897 | D:6      | Killed Edmund
  6898 | D:6      | Reached skill level 10 in Air Magic
  7122 | D:6      | Found a broken altar of Ashenzari.
  7264 | D:7      | Noticed Joseph
  7274 | D:7      | Killed Joseph
  7469 | D:7      | Reached XP level 10. HP: 50/50 MP: 15/20
  7472 | D:7      | Noticed Maggie
  7488 | D:7      | Killed Maggie
  7966 | D:7      | Reached skill level 1 in Fighting
  8453 | D:8      | Paralysed by a hornet for 1 turns
  8640 | D:8      | Found a large runed translucent door.
  8641 | D:8      | Found a large runed translucent door.
  8676 | D:8      | Noticed a two-headed ogre
  8681 | D:8      | Noticed a tengu warrior
  8681 | D:8      | Noticed a boulder beetle
  8894 | D:8      | Noticed Prince Ribbit
  8902 | D:8      | Killed Prince Ribbit
  8979 | D:8      | Slain by an unseen horror

Illustrated notes

Levels and vault maps discovered:
D:1:      dpeg_arrival_circle_labyrinth_a, layout_rooms,
          hellmonk_ecumenical_altar_inner_sanctum
D:2:      layout_rooms
D:3:      layout_loops_ring, nicolae_dithmenos_shadow_blocks,
          kennysheep_decorative_pillar, uniq_sigmund, uniq_jessica
D:4:      layout_rooms, nicolae_ru_awakened_eye, minmay_temple_entry_nine_rooms,
          uniq_eustachio
D:5:      layout_loops_corners, amethyst_overflow_temple_binary,
          portal_sewer_entry_d, item_on_display_b
D:6:      layout_basic, mainiacjoe_overflow_two_lobes, uniq_edmund,
          uniq_duvessa, uniq_menkaure
D:7:      layout_loops_ring, uniq_maggie, uniq_joseph
D:8:      layout_rooms, serial_shops, nicolae_shop_window_shopping,
          minmay_hollow_rounded_squares, uniq_erica, uniq_prince_ribbit1,
          uniq_maurice
Temple:   jpeg_temple_clearing

Skill      XL: |  1  2  3  4  5  6  7  8  9 10 |
---------------+-------------------------------+-----
Fire Magic     | 4 7 8 10 | 10.0
Air Magic      | 3 5 10 | 10.0
Spellcasting   | 5 |  5.1
Conjurations   | 3 7 9 |  9.1
Fighting       | 4 |  4.6
Dodging        | |  2.1
Stealth        | |  2.0

Action                   |  1- 3 |  4- 6 |  7- 9 | 10-12 || total
-------------------------+-------+-------+-------+-------++-------
Melee: Unarmed           |     7 |       |       |       ||     7
       Peck              |     4 |     4 |     9 |     5 ||    22
       Dagger            |    24 |    26 |    47 |    37 ||   134
       Kick              |    10 |    10 |    18 |    15 ||    53
       Punch             |       |       |     2 |     1 ||     3
 Cast: Foxfire           |    53 |    38 |   148 |    42 ||   281
       Scorch            |       |     2 |    50 |    29 ||    81
       Airstrike         |       |       |     1 |     1 ||     2
       Flame Wave        |       |       |     1 |     1 ||     2
Invok: Curse Item        |       |     1 |     1 |       ||     2
  Use: Scroll            |     6 |     1 |     7 |       ||    14
       Potion            |       |       |     2 |     1 ||     3
 Stab: Sleeping          |     1 |       |     2 |     1 ||     4
Armor: Robe              |     5 |     5 |    22 |     7 ||    39
Dodge: Dodged            |    13 |     8 |   113 |    41 ||   175
Block: Other             |       |       |     2 |     9 ||    11
       Reflection        |       |       |       |     2 ||     2

Table legend: (Time is in decaauts)
 A = Elapsed time spent in this place.
 B = Non-inter-level travel time spent in this place.
 C = Inter-level travel time spent in this place.
 D = Time resting spent in this place.
 E = Time spent auto-exploring this place.
 F = Levels seen in this place.
 G = Mean time per level.
                   A        B        C        D        E       F      G
               +--------+--------+--------+--------+--------+-----+--------+
         Total |   8628 |   8408 |    220 |    472 |   6658 |  10 |  862.8 |
       Dungeon |   8029 |   7825 |    204 |    429 |   6301 |   8 | 1003.6 |
        Temple |     81 |     65 |     16 |      0 |     53 |   1 |   81.0 |
         Sewer |    517 |    517 |      0 |     43 |    303 |   1 |  517.0 |
               +--------+--------+--------+--------+--------+-----+--------+

Top non-repeatable levels by time:
     D:5: 1302 daAuts
     D:7: 1290 daAuts
     D:6: 1286 daAuts
     D:3: 1183 daAuts
     D:1: 968 daAuts
     D:2: 880 daAuts
     D:4: 745 daAuts
   Sewer: 517 daAuts
     D:8: 371 daAuts
  Temple: 81 daAuts
